Map: Neon Violet Square LE

Players

Dessa

  • Race: Zerg Zerg
  • League: Diamond
  • Spawn Location: 11:00

Zeus - Winner!

  • Race: Protoss Protoss
  • League: Diamond
  • Spawn Location: 5:00

VOD

Have the link to the VOD?

Description

Time

  • Played on: Dec. 18, 2017, 4:02 a.m.
  • Length: 15:07
Show
View Real Time Build Order
Export as new Build Order

Dessa Zerg 

Build Orders: Hatch First 

Get SALT Encoding   

  12  0:02  Drone  
  13  0:14  Overlord  
  13  0:18  Drone  
  14  0:32  Drone x2  
  16  0:37  Drone  
  17  0:59  Hatchery  
  17  1:00  Drone  
  17  1:05  Extractor  
  17  1:06  Drone  
  17  1:18  Spawning Pool  
  16  1:27  Drone  
  16  1:31  Drone  
  18  1:33  Overlord  
  18  1:46  Drone  
  19  2:11  Hatchery, Queen  
  20  2:22  Queen  
  22  2:29  Metabolic Boost  
  22  2:33  Drone  
  23  2:37  Drone  
  23  2:42  Drone  
  25  2:45  Drone  
  26  2:53  Zergling x4  
  28  3:01  Queen  
  28  3:04  Drone  
  31  3:07  Drone  
  31  3:11  Drone  
  33  3:14  Drone  
  33  3:17  Drone  
  35  3:20  Overlord  
  35  3:30  Queen  
  37  3:34  Overlord  
  37  3:38  Drone  
  38  3:43  Drone  
  38  3:46  Drone  
  38  3:47  Drone x2  
  42  3:50  Drone, Extractor  
  42  3:51  Extractor  
  40  4:03  Overlord  
  40  4:06  Zergling x2  
  41  4:15  Drone x3  
  41  4:16  Drone x3  
  47  4:17  Drone x2  
  47  4:20  Drone x2  
  51  4:27  Drone  
  51  4:28  Roach Warren  
  51  4:38  Drone x3  
  54  4:42  Evolution Chamber  
  54  4:43  Drone x2, Evolution Chamber  
  54  4:46  Overlord  
  54  4:51  Lair  
  54  4:58  Spore Crawler  
  53  5:00  Spore Crawler  
  53  5:02  Spore Crawler  
  53  5:04  Drone  
  52  5:25  Overlord x2  
  52  5:28  Drone  
  53  5:29  Drone x3, Extractor  
  53  5:31  Drone  
  53  5:32  Drone x4  
  53  5:33  Drone x2  
  53  5:35  Zerg Missile Weapons Level 1  
  62  5:36  Zerg Ground Armor Level 1  
  62  5:51  Hydralisk Den  
  62  5:56  Drone  
  62  5:59  Drone, Extractor  
  62  6:00  Drone x3, Extractor  
  62  6:01  Drone x2  
  62  6:02  Drone x2, Overlord  
  62  6:03  Roach  
  62  6:04  Roach x2  
  74  6:24  Roach x6  
  74  6:25  Roach  
  87  6:33  Ravager x2  
  87  6:34  Ravager  
  87  6:35  Roach x3, Overlord  
  87  6:36  Overlord  
  87  6:37  Pneumatized Carapace  
  96  6:40  Muscular Augments  
  96  6:42  Glial Reconstitution  
  96  7:05  Overlord  
  96  7:06  Overlord  
  96  7:07  Hydralisk  
  96  7:08  Hydralisk x6  
  110  7:26  Hatchery  
  109  7:32  Ravager x5  
  109  7:33  Roach x7  
  128  7:45  Zerg Missile Weapons Level 2  
  128  7:49  Overlord x3  
  128  7:59  Overlord x2  
  128  8:13  Overlord x2  
  128  8:24  Zerg Ground Armor Level 2  
  128  8:25  Hydralisk x4  
  128  8:26  Hydralisk x4  
  144  8:53  Drone x4  
  143  9:44  Hydralisk x2  
  143  9:45  Roach x2, Hydralisk x4  
  99  10:00  Hydralisk  
  99  10:01  Roach x3, Hydralisk  
  99  10:06  Roach, Hydralisk x3  
  99  10:07  Roach x3  
  114  10:21  Infestation Pit  
  113  10:36  Roach x4  
  113  10:37  Roach x6  
  113  10:38  Hydralisk  
  113  10:42  Extractor  
  134  10:45  Ravager x6, Extractor  
  134  10:46  Ravager x3  
  142  11:03  Hydralisk x3  
  142  11:04  Hydralisk x9  
  146  11:05  Hydralisk  
  146  11:07  Overlord  
  146  11:08  Overlord  
  168  11:12  Overlord  
  168  11:22  Hatchery, Extractor  
  166  11:29  Hive  
  134  12:06  Spire  
  133  12:19  Drone x3  
  133  12:21  Drone x3  
  133  12:22  Overlord x2  
  139  12:29  Overlord  
  101  13:04  Hydralisk x2  
  101  13:05  Roach x4, Hydralisk x5  
  115  13:06  Roach x4  
  131  13:20  Corruptor x6  
  131  13:21  Corruptor x7  
  157  13:48  Roach  
  157  13:49  Roach, Hydralisk x3  
  157  13:50  Hydralisk x9  
  185  14:19  Queen  
Show
View Real Time Build Order
Export as new Build Order

Zeus Protoss - Winner!

Build Orders: 1 Gate Expand, Forge Fast Expand (FFE) 

Get SALT Encoding   

  12  0:01  Probe  
  13  0:13  Probe  
  14  0:25  Probe  
  14  0:26  Pylon  
  15  0:49  Gateway  
  15  0:56  Forge  
  15  1:10  Probe (Chrono Boost)  
  17  1:21  Probe (Chrono Boost)  
  17  1:24  Probe  
  18  1:33  Nexus  
  18  1:44  Cybernetics Core  
  18  1:50  Assimilator  
  18  1:56  Probe, Assimilator  
  19  2:09  Probe  
  19  2:13  Photon Cannon  
  20  2:21  Probe  
  21  2:27  Adept  
  23  2:39  Shield Battery  
  23  2:42  Warp Gate (Chrono Boost)  
  23  2:44  Probe  
  23  2:45  Probe  
  25  2:57  Probe (Chrono Boost)  
  27  2:58  Probe (Chrono Boost)  
  27  3:09  Probe (Chrono Boost)  
  27  3:10  Probe (Chrono Boost)  
  29  3:17  Probe x2 (Chrono Boost)  
  31  3:20  Pylon  
  31  3:23  Probe, Sentry (Chrono Boost)  
  31  3:24  Probe  
  35  3:40  Nexus  
  35  3:43  Probe  
  35  3:45  Probe  
  37  3:55  Probe  
  38  3:57  Stargate  
  38  3:58  Probe  
  39  4:07  Probe, Stargate  
  40  4:16  Stargate  
  40  4:19  Probe x2  
  40  4:22  Assimilator  
  42  4:25  Assimilator  
  42  4:31  Probe  
  42  4:32  Probe  
  42  4:34  Pylon  
  42  4:36  Sentry  
  46  4:51  Probe (Chrono Boost)  
  48  4:52  Probe (Chrono Boost)  
  48  4:55  Probe (Chrono Boost)  
  48  4:56  Pylon  
  49  5:03  Probe (Chrono Boost)  
  49  5:04  Probe (Chrono Boost), Void Ray  
  49  5:06  Probe (Chrono Boost)  
  57  5:07  Probe x3 (Chrono Boost)  
  59  5:18  Probe x2  
  61  5:22  Probe  
  61  5:24  Void Ray  
  61  5:27  Void Ray  
  70  5:30  Probe x2  
  70  5:35  Probe  
  73  5:44  Fleet Beacon  
  73  5:46  Protoss Shields Level 1 (Chrono Boost)  
  73  5:49  Adept  
  75  5:57  Assimilator  
  75  5:59  Pylon  
  75  6:00  Assimilator  
  75  6:04  Protoss Air Weapons Level 1 (Chrono Boost)  
  75  6:12  Adept  
  75  6:17  Probe x3  
  80  6:18  Pylon  
  80  6:21  Pylon  
  80  6:29  Probe x2  
  82  6:36  Sentry  
  84  6:41  Carrier (Chrono Boost)  
  90  6:50  Photon Cannon  
  90  6:52  Shield Battery  
  90  6:53  Photon Cannon  
  90  7:07  Pylon  
  96  7:09  Pylon  
  96  7:12  Carrier (Chrono Boost)  
  96  7:25  Nexus  
  96  7:26  Pylon  
  96  7:27  Pylon  
  102  7:30  Pylon, Protoss Air Weapons Level 2 (Chrono Boost)  
  102  7:31  Pylon  
  102  7:32  Pylon  
  102  7:33  Pylon  
  102  7:34  Carrier (Chrono Boost)  
  102  7:56  Graviton Catapult  
  102  7:57  Carrier (Chrono Boost)  
  108  8:07  Probe x2  
  108  8:08  Probe  
  108  8:10  Photon Cannon  
  108  8:11  Photon Cannon  
  111  8:13  Photon Cannon  
  111  8:15  Shield Battery  
  111  8:18  Shield Battery  
  111  8:19  Probe  
  112  8:20  Photon Cannon  
  112  8:23  Shield Battery  
  112  8:27  Carrier (Chrono Boost)  
  112  8:30  Photon Cannon  
  112  8:32  Assimilator  
  112  8:33  Probe x2  
  120  8:34  Assimilator  
  120  8:39  Probe x2  
  122  8:44  Photon Cannon  
  122  8:47  Probe x2  
  130  8:56  Carrier (Chrono Boost)  
  130  9:04  Twilight Council  
  130  9:09  Gateway  
  130  9:12  Gateway  
  130  9:14  Gateway  
  130  9:16  Protoss Air Weapons Level 3 (Chrono Boost)  
  130  9:18  Pylon  
  110  9:46  Probe  
  110  9:47  Probe  
  110  9:49  Pylon  
  111  9:55  Pylon  
  111  9:57  Carrier (Chrono Boost)  
  107  10:07  Carrier (Chrono Boost)  
  107  10:12  Carrier (Chrono Boost)  
  107  10:16  Pylon  
  107  10:18  Probe x4  
  107  10:19  Pylon  
  111  10:21  Pylon  
  111  10:27  Protoss Shields Level 2 (Chrono Boost)  
  111  10:30  Probe x2  
  113  10:39  Templar Archives  
  113  10:46  Stargate  
  113  10:48  Stargate  
  113  10:52  Pylon  
  113  10:53  Photon Cannon  
  113  10:56  Photon Cannon  
  113  10:59  Shield Battery  
  113  11:00  Shield Battery  
  113  11:02  Shield Battery  
  113  11:05  Shield Battery  
  113  11:14  Void Ray (Chrono Boost)  
  113  11:17  Psionic Storm  
  113  11:18  High Templar x3  
  127  11:20  High Templar  
  127  11:23  Carrier (Chrono Boost)  
  131  11:28  Void Ray (Chrono Boost)  
  135  12:03  High Templar x2  
  135  12:04  High Templar x2  
  141  12:11  Carrier  
  141  12:12  Carrier x3  
  165  12:22  Pylon  
  165  12:36  Photon Cannon  
  151  12:57  Pylon  
  151  12:59  Pylon  
  151  13:02  Pylon  
  151  13:10  Pylon  
  151  13:12  Robotics Facility  
  151  13:13  Pylon  
  151  13:19  Protoss Air Armor Level 1 (Chrono Boost)  
  151  13:22  Nexus, Void Ray  
  151  13:25  Pylon  
  151  13:26  Pylon  
  155  13:29  Pylon  
  155  13:34  Templar Archives  
  155  13:38  Void Ray x2  
  163  13:51  Forge  
  163  13:54  Gateway  
  163  14:01  Void Ray  
  163  14:02  Void Ray  
  171  14:05  Void Ray  
  176  14:10  Observer (Chrono Boost)  
  176  14:21  Observer, Void Ray  
  181  14:32  High Templar x2  
  181  14:33  High Templar  
  181  14:36  Archon  
  173  15:05  Archon  
Tags
 
Add a new tag
Caveats
  • Supply blocks, unpowered buildings, or Contaminate may cause inaccurate times.
  • Supply counts are checked every 10 seconds.